 Dungeon Crawl Stone Soup version 0.31-a0-261-g072fdb8a1f (webtiles) character file.

Game seed: 2724504487481644202

56 qw the Shooter (level 3, 0/22 HPs)
             Began as a Gargoyle Hexslinger on July 13, 2023.
             Slain by Terence
             ... wielding a +0 mace
              (5 damage)
             ... on level 2 of the Dungeon.
             The game lasted 00:00:23 (944 turns).

qw the Shooter (Gargoyle Hexslinger)                 Turns: 944, Time: 00:00:24

Health: 0/22       AC:  6    Str: 11    XL:     3   Next: 97%
Magic:  4/4        EV: 11    Int: 13    God:
Gold:   67         SH:  0    Dex: 14    Spells: 3/4 levels left

rFire   . . .        Y - +0 sling (flame)
rCold   . . .        (no shield)
rNeg    + . .        e - +0 leather armour
rPois   inf          (no helmet)
rElec   +            (no cloak)
rCorr   .            (no gloves)
SInv    .            (no boots)
Will    .....        (no amulet)
Stlth   +            (no ring)
HPRegen 0.23/turn    (no ring)
MPRegen 0.09/turn

%: no passive effects
@: no status effects
A: sickness immunity, AC +3, negative energy resistance 1, electricity
resistance, torment resistance 1, petrification resistance
a: no special abilities


You were on level 2 of the Dungeon.
You visited 1 branch of the dungeon, and saw 2 of its levels.

You collected 67 gold pieces.


Innate Abilities, Weirdness & Mutations

You are immune to sickness and miasma.
Your stone body is resilient. (AC +3)
You are immune to poison.
You resist negative energy. (rN+)
You are resistant to electric shocks. (rElec)
You are resistant to unholy torment.
You are immune to petrification.


   Skills:
 - Level 2.8 Fighting
 + Level 3.3 Ranged Weapons
 - Level 1.5 Dodging
 - Level 1.0 Spellcasting
 - Level 2.6 Hexes


You had 3 spell levels left.
You knew the following spells:

 Your Spells              Type           Power      Damage    Failure   Level
a - Slow                  Hex            28%        N/A       12%         1

Your spell library contained the following spells:

 Spells                   Type           Power      Damage    Failure   Level
 Inner Flame              Hex/Fire       4%         N/A       54%         3
 Portal Projectile        Hex/Tloc       8%         N/A       54%         3
 Cause Fear               Hex            3%         N/A       77%         4

Inventory:

Hand Weapons
 Y - a +0 sling of flaming (weapon)
Armour
 e - a +0 leather armour (worn)
Scrolls
 f - 3 scrolls of identify
Potions
 a - a potion of mutation {unknown}

Dungeon Overview and Level Annotations

Branches:
Dungeon (2/15)

Altars:

Annotations:
D:2 Terence


Message History

You kill the kobold!
Found 4 large rocks.
A bat comes into view.
You shoot a sling bullet. The sling bullet hits the bat!
The sling bullet burns the bat.
You kill the bat!
A hobgoblin comes into view.
The hobgoblin shouts!
You hear a shout!
Enter note: You shoot a sling bullet.
The sling bullet closely misses the hobgoblin.
You shoot a sling bullet. The sling bullet hits the hobgoblin.
The sling bullet burns the hobgoblin.
The hobgoblin is heavily wounded.
The hobgoblin hits you.
You shoot a sling bullet.
The sling bullet hits the hobgoblin but does no damage.
The hobgoblin is heavily wounded.
The hobgoblin hits you but does no damage.
You shoot a sling bullet.
The sling bullet barely misses the hobgoblin.
The hobgoblin barely misses you.
Terence the Incautious comes into view.
He is wielding a +0 mace.
The hobgoblin closely misses you.
You shoot a sling bullet. The sling bullet hits the hobgoblin.
The sling bullet burns the hobgoblin.
You kill the hobgoblin!
Terence says, "Did you write a will?
You should..."
Terence drinks a potion.
Terence flickers and vanishes!
Deactivating autopickup; reactivate with Ctrl-A.
You shoot a sling bullet. You shoot a sling bullet. Something hits you.
You shoot a sling bullet. Something completely misses you. Something hits you.
You shoot a sling bullet. Something hits you.
You shoot a sling bullet. Something hits you.
You die...

#.#.........#.....
##..)#..###......#.
#....#...........##
####..#..###.###..##
#...#..##...#...#..#
#...#...#...#...#...
#(.###..#...#..###..
#..#...#..###..#...#.
#..#@..#...#...#...#.
#.##...#...#..##...#.
## .###.###..#..###.#
.. .......#.......
#.. ###..#..###.# .##
.#..##...#% #. #..
#...#. # ##. #...#. .
..###..


There were no monsters in sight!

Vanquished Creatures
  Jessica (D:2)
  A worm (D:2)
  2 dart slugs
  4 ball pythons (D:1)
  An endoplasm (D:1)
  A goblin (D:1)
  4 hobgoblins
  3 bats
  A frilled lizard (D:1)
  4 kobolds
  A rat (D:2)
23 creatures vanquished.

Notes
Turn   | Place    | Note
-------+----------+-------------------------------------------
     0 | D:1      | qw the Gargoyle Hexslinger began the quest for the Orb.
     0 | D:1      | Reached XP level 1. HP: 12/12 MP: 2/2
     0 | D:1      | 0 ||| qw: Version: 0.3-a-52-g30416fa
     0 | D:1      | 0 ||| qw: Game counter: 7028
     0 | D:1      | 0 ||| qw: Melee chars always use a shield: true
     0 | D:1      | 0 ||| qw: God list: Okawaru
     0 | D:1      | 0 ||| qw: Allow faded altars: false
     0 | D:1      | 0 ||| qw: Do Orc after clearing Dungeon:15 true
     0 | D:1      | 0 ||| qw: Do second Lair branch before Depths: true
     0 | D:1      | 0 ||| qw: Lair rune preference: random
     0 | D:1      | 0 ||| qw: Goals: Normal
     0 | D:1      | 0 ||| PLANNING D:1-11
   168 | D:1      | 168 ||| SWAPPING to +0 sling of flaming.
   169 | D:1      | 169 ||| DROPPING +1 sling.
   337 | D:1      | Reached XP level 2. HP: 16/16 MP: 3/3
   384 | D:1      | 384 ||| Stepping ~*~*~tactically~*~*~ (outnumbered).
   402 | D:1      | Reached skill level 3 in Ranged Weapons
   769 | D:1      | 769 ||| UPGRADING to +0 leather armour.
   779 | D:1      | 779 ||| DROPPING +0 robe.
   780 | D:1      | 780 ||| READING scroll labelled QOJECA COM ZIM.
   784 | D:1      | 784 ||| READING 2 scrolls labelled GIOBLUPLEA.
   785 | D:1      | 785 ||| READING 4 scrolls labelled WAFIEKEUTU.
   786 | D:1      | 786 ||| READING scroll labelled TESOAS GAKILO.
   787 | D:1      | 787 ||| READING scroll labelled TEREJA UTEEH.
   788 | D:1      | 788 ||| DROPPING scroll of poison.
   789 | D:1      | 789 ||| DROPPING scroll of immolation.
   861 | D:2      | Noticed Jessica
   863 | D:2      | Killed Jessica
   864 | D:2      | Reached XP level 3. HP: 22/22 MP: 4/4
   938 | D:2      | Noticed Terence
   943 | D:2      | HP: 5/22 [something (5)]
   944 | D:2      | Slain by Terence

Levels and vault maps discovered:
D:1:      dpeg_arrival_solitude, layout_basic, st_stairs_14,
          minmay_close_crescents
D:2:      layout_basic, nicolae_titane, uniq_jessica, uniq_crazy_yiuf_cottage,
          uniq_terence

Skill      XL: |  1  2 |
---------------+-------+-----
Ranged Weapons | 3 |  3.3
Fighting       | 2 |  2.8
Dodging        | |  1.5
Spellcasting   | |  1.0
Hexes          | |  2.6

Action                     || total
---------------------------++-------
   Fire: Sling             ||    72
    Use: Scroll            ||     5
 Armour: Robe              ||     3
         Leather armour    ||     2
  Dodge: Dodged            ||    11

Table legend:
 A = Non-vault XP
 B = Vault XP
 C = Vault XP percentage of total XP
 D = Non-vault monster count
 E = Vault monster count
 F = Vault count percentage of total count
                 A         B        C        D         E       F
            +---------+---------+-------+---------+---------+-------
      Total |      30 |      51 |  63.0 |      15 |       8 |  34.8
            +---------+---------+-------+---------+---------+-------
        D:1 |      12 |      14 |  53.8 |       8 |       7 |  46.7
        D:2 |      18 |      37 |  67.3 |       7 |       1 |  12.5
            +---------+---------+-------+---------+---------+-------
